 Dungeon Crawl Stone Soup version 0.30.0-5-g1a98f26d00 (webtiles) character file.

Game seed: 7552212005715533425

23063 hito the Destroyer (level 13, -8/60 (79) HPs)
             Began as a Tengu Conjurer on May 11, 2023.
             Was a Believer of Ashenzari.
             Mangled by a soul eater (17 damage)
             ... on level 10 of the Dungeon on May 12, 2023.
             The game lasted 01:01:02 (18502 turns).

hito the Destroyer (Tengu Conjurer)                Turns: 18502, Time: 01:01:03

HP:   -8/60 (79)    AC:  9    Str:  7    XL:     13   Next: 4%
MP:   10/30         EV: 20    Int: 24    God:    Ashenzari [**....]
Gold: 713           SH:  0    Dex: 13    Spells: 6/22 levels left

rFire   + . .        C - +9 spear of Gozag's Delight {drain, rF+ Will+ rCorr}
rCold   + . .        (no shield)
rNeg    . . .        H - +2 leather armour "Thunder Perfect Mind" {rC+, Bglg, Alch} (curse)
rPois   .            (helmet restricted)
rElec   .            z - +0 cloak of the Astrological Sybil {Range, Bglg} (curse)
rCorr   +            r - +1 pair of gloves of the Eye in the Sky {Range, Bglg} (curse)
SInv    +            (boots unavailable)
Will    ++...        (no amulet)
Stlth   ++           v - ring of magical power
HPRegen 0.30/turn    A - ring of willpower
MPRegen 0.22/turn

%: no passive effects
@: flying quickly and evasively, heavily drained, quick
A: beak, talons 3, nimble flight
a: Renounce Religion, Curse Item, Shatter the Chains


You were on level 10 of the Dungeon.
You worshipped Ashenzari.
Ashenzari was pleased with you.
You visited 2 branches of the dungeon, and saw 13 of its levels.
You also visited: Ossuary.

You collected 878 gold pieces.
You spent 165 gold pieces at shops.

Inventory:

Hand Weapons
 C - the +9 spear of Gozag's Delight (weapon) {drain, rF+ Will+ rCorr}
   (You found it on level 3 of the Dungeon)

   rF:        It protects you from fire.
   rCorr:     It protects you from acid and corrosion.
   Will:      It increases your willpower.
Armour
 k - the +0 leather armour of Mental Paralysis {Rampage rPois Str+4 Dex-5}
   (You found it on level 5 of the Dungeon)

   Str:       It affects your strength (+4).
   Dex:       It affects your dexterity (-5).
   rPois:     It protects you from poison.
   Rampage:   It bestows one free step when moving towards enemies.
 r - the cursed +1 pair of gloves of the Eye in the Sky (worn) {Range, Bglg}
   (You found it on level 4 of the Dungeon)

   It has a curse which improves the following skills: Ranged Combat: Ranged
   Weapons and Throwing.
   Beguiling: Conjurations, Hexes and Translocations.
 z - the cursed +0 cloak of the Astrological Sybil (worn) {Range, Bglg}
   (You took it off Crazy Yiuf on level 3 of the Dungeon)

   It has a curse which improves the following skills: Ranged Combat: Ranged
   Weapons and Throwing.
   Beguiling: Conjurations, Hexes and Translocations.
 H - the cursed +2 leather armour "Thunder Perfect Mind" (worn) {rC+, Bglg, Alch}
   (You took it off an orc on level 8 of the Dungeon)

   It has a curse which improves the following skills: Beguiling: Conjurations,
   Hexes and Translocations.
   Alchemy:   Poison Magic and Transmutations.
Jewellery
 v - a ring of magical power (left hand)
 A - a ring of willpower (right hand)
 F - a +6 ring of strength
Wands
 a - a wand of polymorph (3)
 l - a wand of charming (23)
 n - a wand of digging (9)
 B - a wand of iceblast (11)
 J - a wand of flame (7)
Scrolls
 c - 3 scrolls of summoning
 d - 4 scrolls of enchant armour
 h - 2 scrolls of enchant weapon
 m - 2 scrolls of blinking
 p - 5 scrolls of teleportation
 s - 10 scrolls of fear
 u - 2 scrolls of vulnerability
 w - 4 scrolls of immolation
 y - 2 scrolls of magic mapping
 D - 3 scrolls of amnesia
 I - a scroll of fog
 K - a scroll of silence
Potions
 b - 2 potions of magic
 e - 4 potions of mutation
 f - 2 potions of heal wounds
 g - 8 potions of curing
 i - 4 potions of cancellation
 j - 3 potions of lignification
 o - 2 potions of berserk rage
 q - 2 potions of ambrosia
 t - 2 potions of brilliance
 x - 2 potions of attraction
 E - 2 potions of haste
 G - 2 potions of might
 L - a potion of resistance


   Skills:
 + Level 8.6 Fighting
 - Level 5.0 Armour
 + Level 12.7 Dodging
 - Level 2.0 Stealth
 - Level 5.0 Spellcasting
 - Level 14.8(17.0) Conjurations
 - Level 2.0(3.7) Hexes
 - Level 2.0(3.7) Translocations
 - Level 3.0 Ice Magic
 - Level 8.0 Air Magic
 + Level 5.6 Evocations


You had 6 spell levels left.
You knew the following spells:

 Your Spells              Type           Power      Damage    Failure   Level
a - Magic Dart            Conj           100%       1d8       0%          1
b - Searing Ray           Conj           100%       2d8       1%          2
c - Fulminant Prism       Conj/Hex       27%        3d14      1%          4
d - Iskenderun's Mystic   Conj/Tloc      54%        2d12      1%          4
e - Freezing Cloud        Conj/Ice/Air   25%        6-21      8%          5

Your spell library contained the following spells:

 Spells                   Type           Power      Damage    Failure   Level
 Kiss of Death            Conj/Necr      100%       2d13      1%          1
 Dazzling Flash           Conj/Hex       100%       N/A       1%          3
 Hailstorm                Conj/Ice       52%        3d12      1%          3
 Mephitic Cloud           Conj/Pois/Air  46%        N/A       1%          3
 Freeze                   Ice            80%        1d9       3%          1
 Poisonous Vapours        Pois/Air       50%        N/A       3%          2
 Confusing Touch          Hex            24%        N/A       8%          3
 Frozen Ramparts          Ice            40%        1d7       11%         3
 Necrotise                Necr           24%        1d5       12%         1
 Manifold Assault         Tloc           23%        N/A       26%         4
 Vampiric Draining        Necr           6%         2d6       36%         3
 Dispel Undead            Necr           6%         3d8       77%         4
 Agony                    Necr           6%         N/A       98%         5
 Dispersal                Tloc           11%        N/A       99%         6
 Simulacrum               Ice/Necr       6%         N/A       100%        6
 Ozocubu's Refrigeration  Ice            10%        4d9       100%        7
 Disjunction              Tloc           11%        N/A       100%        8
 Polar Vortex             Ice            10%        N/A       100%        9


Dungeon Overview and Level Annotations

Branches:
Dungeon (10/15)            Temple (0/1) D:7            Lair (3/5) D:8
  Swamp (0/4) Lair:3       Spider (0/4) Lair:2          Orc (0/2) D:9
Ossuary (visited)

Altars:
Ashenzari
Cheibriados
Hepliaklqana
Nemelex Xobeh
Qazlal
Ru
Sif Muna
Trog
Uskayaw
Xom
Zin

Shops:
D:4 ?   D:10 =(

Annotations:
D:6 Maggie
Lair:2 exclusion: downstairs


Innate Abilities, Weirdness & Mutations

You have a beak for a mouth.
You have claws for feet.
Your magical nature lets you fly swiftly and evasively.


Message History

You hit the soul eater.
You claw the soul eater, but do no damage.
The soul eater is severely wounded.
The soul eater is engulfed in freezing vapours.
The soul eater hits you!
You feel drained.
You closely miss the soul eater.
The soul eater is almost dead.
The soul eater is engulfed in freezing vapours.
The soul eater draws from the surrounding life force!
* * * LOW HITPOINT WARNING * * *
The soul eater is healed.
You feel much better.
The soul eater is engulfed in freezing vapours.
The soul eater barely misses you.
You barely miss the soul eater. You claw the soul eater.
The soul eater is severely wounded.
The soul eater hits you.
* * * LOW HITPOINT WARNING * * *
You closely miss the soul eater.
The soul eater is severely wounded.
The soul eater is engulfed in freezing vapours.
The soul eater misses you.
You hit the soul eater but do no damage.
You claw the soul eater, but do no damage.
The soul eater is almost dead.
The soul eater draws from the surrounding life force!
* * * LOW HITPOINT WARNING * * *
The soul eater is healed.
You feel much better. The soul eater hits you!
You feel drained.
* * * LOW HITPOINT WARNING * * *
You hit the soul eater. Your peck misses the soul eater.
The soul eater is severely wounded.
The soul eater hits you!
* * * LOW HITPOINT WARNING * * *
You feel drained.
Casting: Searing Ray (safe; 1% risk of failure)
Confirm with . or Enter, or press ? or * to list all spells.
You don't know that spell.
The soul eater draws from the surrounding life force!
You die...

.+.........#....♣.....#
##....⌠P......♣.......#
* *
#####....#............
####...P.##..........#
*** *
*#(...P...#####'#####.#
,* ..######## #...# [
#+######## ###.# ,... ,
.........#
#####'#...^.,
.........+<
#...@†3...... *
.........#
#..$..○......
.........#
,#.>....^..... ,
....~....#
+............
....~....#
#...........^ ,
.....~...#
#............,
.....~...#
#............ ,,
###...~.## ##+#####....
,,, ###..## , , , , *


You could see a soul eater.

Vanquished Creatures
  A hydra (Lair:3)
  A boulder beetle (Lair:3)
  Erica (Lair:1)
  A skyshark (Lair:3)
  Pikel (D:6)
  Joseph (D:7)
  A rust devil (D:10)
  4 black mambas
  An orange demon (Lair:3)
  A smoke demon (D:10)
  6 cane toads
  A rime drake (Lair:2)
  4 komodo dragons
  A tyrant leech (Lair:3)
  A hellwing (D:10)
  Grinder (D:3)
  8 blink frogs
  2 hornets
  3 culicivoras (Lair:2)
  21 yaks
  Sigmund (D:2)
  A shadow (D:9)
  A basilisk (Lair:3)
  4 wyverns
  Eustachio (D:5)
  2 neqoxecs (D:10)
  5 steam dragons
  A swamp worm (Lair:3)
  An acid dragon (D:9)
  7 water moccasins
  3 orc warriors
  3 sky beasts
  An ice beast (D:6)
  2 black bears
  10 wolves
  4 centaurs
  3 lemures (D:6)
  Blork the orc (D:6)
  An elf zombie (Ossuary)
  4 scorpions
  6 bullfrogs
  11 killer bees
  An electric eel (Lair:3)
  2 howler monkeys (D:8)
  A quasit (D:10)
  2 centaur zombies (Ossuary)
  A jelly (D:6)
  Crazy Yiuf (D:3)
  9 orc priests
  3 hounds
  9 orc wizards
  An iron imp (D:6)
  5 iguanas
  A sleepcap (D:6)
  Natasha (thrice) (D:2)
  2 hound zombies (Ossuary)
  3 mummies (Ossuary)
  7 adders
  4 shadow imps
  2 white imps
  2 ufetubi
  3 adder zombies (Ossuary)
  4 worms
  2 dart slugs (D:4)
  38 orcs
  4 ball pythons
  9 endoplasms
  2 giant cockroaches
  A gnoll zombie (Ossuary)
  5 hobgoblins
  3 jackals (D:5)
  5 quokkas
  2 bats
  A frilled lizard (D:2)
  7 goblins
  2 goblin zombies (Ossuary)
  5 hobgoblin zombies (Ossuary)
  5 jackal zombies (Ossuary)
  4 kobolds
  5 kobold zombies (Ossuary)
  A quokka zombie (Ossuary)
  4 rats
  6 rat zombies (Ossuary)
311 creatures vanquished.

Vanquished Creatures (collateral kills)
  A hydra (Lair:3)
  Amaemon (Lair:3)
2 creatures vanquished.

Vanquished Creatures (others)
  24 fulminant prisms
24 creatures vanquished.

Grand Total: 337 creatures vanquished

Notes
Turn   | Place    | Note
-------+----------+-------------------------------------------
     0 | D:1      | hito the Tengu Conjurer began the quest for the Orb.
     0 | D:1      | Reached XP level 1. HP: 10/10 MP: 4/4
   360 | D:1      | Reached XP level 2. HP: 16/16 MP: 4/6
   438 | D:1      | Learned a level 2 spell: Searing Ray
   824 | D:2      | Reached skill level 1 in Fighting
   972 | D:2      | Noticed Sigmund
  1268 | D:3      | Reached XP level 3. HP: 20/20 MP: 4/7
  1417 | D:3      | You fall into a shaft and drop 1 floor!
  1501 | D:4      | Noticed a scorpion
  1506 | D:4      | Killed a scorpion
  1506 | D:4      | HP: 1/20 [poisoned by a scorpion]
  1507 | D:4      | Reached skill level 6 in Conjurations
  1507 | D:4      | Reached XP level 4. HP: 1/26 MP: 2/9
  1762 | D:4      | Gained mutation: Your magical nature lets you fly swiftly
                  | and evasively. [Tengu growth]
  1762 | D:4      | Reached XP level 5. HP: 30/30 MP: 5/10
  1806 | D:4      | Learned a level 4 spell: Fulminant Prism
  1940 | D:4      | Found Diagedas's Magic Scroll Emporium.
  1948 | D:4      | Bought a scroll of blinking for 75 gold pieces
  1948 | D:4      | Bought a scroll of teleportation for 30 gold pieces
  1948 | D:4      | Bought a scroll of identify for 20 gold pieces
  2235 | D:4      | Found a glowing silver altar of Zin.
  2286 | D:4      | Reached skill level 7 in Conjurations
  2421 | D:4      | Bought a scroll of fear for 40 gold pieces
  2580 | D:4      | Noticed a centaur
  2587 | D:4      | Killed a centaur
  2588 | D:4      | Reached skill level 8 in Conjurations
  2865 | D:5      | Entered Level 5 of the Dungeon
  2873 | D:5      | Noticed a water moccasin
  2880 | D:5      | Killed a water moccasin
  2881 | D:5      | Reached XP level 6. HP: 26/35 MP: 1/11
  2974 | D:5      | Found a sand-covered staircase.
  2979 | Ossuary  | Entered an ossuary
  3033 | Ossuary  | Reached skill level 1 in Hexes
  3302 | Ossuary  | Reached XP level 7. HP: 40/40 MP: 13/13
  3723 | D:5      | Reached skill level 9 in Conjurations
  3805 | D:5      | Learned a level 4 spell: Iskenderun's Mystic Blast
  4289 | D:5      | Reached skill level 1 in Translocations
  4289 | D:5      | Reached XP level 8. HP: 45/45 MP: 13/15
  4514 | D:5      | Noticed Eustachio
  4524 | D:5      | Killed Eustachio
  4707 | D:5      | Found a stormy altar of Qazlal.
  4709 | D:5      | Noticed a gargoyle
  4964 | D:3      | Found a sacrificial altar of Ru.
  5045 | D:3      | Found a runed translucent door.
  5046 | D:3      | Noticed Crazy Yiuf
  5053 | D:3      | Killed Crazy Yiuf
  5134 | D:3      | Noticed Grinder
  5147 | D:3      | Paralysed by Grinder for 5 turns
  5153 | D:3      | Killed Grinder
  5154 | D:3      | Reached skill level 10 in Conjurations
  5254 | D:3      | Identified the +7 rapier "Killer Klown's Peril" {flame,
                  | Will- Str+2 Dex+2}
  5312 | D:3      | Learned a level 5 spell: Freezing Cloud
  5384 | D:3      | Found a broken altar of Ashenzari.
  5384 | D:3      | Found a shimmering altar of Xom.
  5673 | D:3      | Identified the +9 spear of Gozag's Delight {drain, rF+
                  | Will+ rCorr}
  5874 | D:3      | Became a worshipper of Ashenzari the Shackled
  6174 | D:6      | Noticed Pikel
  6287 | D:6      | Reached skill level 1 in Air Magic
  6447 | D:6      | Found a snail-covered altar of Cheibriados.
  6549 | D:6      | Reached skill level 1 in Ice Magic
  6566 | D:6      | Reached skill level 5 in Spellcasting
  6566 | D:6      | Reached XP level 9. HP: 42/52 MP: 11/17
  6946 | D:6      | Killed Pikel
  6947 | D:6      | Reached skill level 5 in Dodging
  7245 | D:6      | Reached skill level 11 in Conjurations
  7409 | D:6      | Noticed Blork the orc
  7416 | D:6      | Killed Blork the orc
  7462 | D:6      | Noticed Maggie
  8214 | D:7      | Reached skill level 5 in Air Magic
  8275 | D:7      | Found a shimmering blue altar of Sif Muna.
  8466 | D:7      | Found a staircase to the Ecumenical Temple.
  8575 | D:7      | Reached XP level 10. HP: 56/56 MP: 18/18
  8716 | D:7      | Found a hide-covered altar of Uskayaw.
  8739 | D:7      | Noticed Joseph
  8743 | D:7      | Killed Joseph
  8744 | D:7      | Reached skill level 12 in Conjurations
  8867 | D:7      | Found a bloodstained altar of Trog.
  9187 | D:8      | Found a staircase to the Lair.
 10263 | D:2      | Killed Sigmund
 10264 | D:2      | Reached skill level 1 in Armour
 10416 | D:2      | Reached * piety under Ashenzari
 10480 | D:2      | Found a faded altar of an unknown god.
 10632 | D:2      | Noticed Natasha
 10637 | D:2      | Killed Natasha
 10851 | D:2      | Noticed Natasha
 10856 | D:2      | Killed Natasha
 11530 | D:2      | Noticed Natasha
 11533 | D:2      | Killed Natasha
 11629 | D:5      | Identified the +0 leather armour of Mental Paralysis
                  | {Rampage rPois Str+4 Dex-5}
 11775 | D:5      | Reached ** piety under Ashenzari
 11882 | D:5      | Found a hazy altar of Hepliaklqana.
 11970 | D:5      | Found a faded altar of an unknown god.
 12500 | D:9      | Found a staircase to the Orcish Mines.
 12732 | D:9      | Found a sparkling altar of Nemelex Xobeh.
 12881 | D:9      | Reached skill level 13 in Conjurations
 13137 | D:10     | Entered Level 10 of the Dungeon
 13141 | D:10     | Reached XP level 11. HP: 51/61 MP: 19/19
 13279 | D:10     | Found Xedwum's Weapon Boutique.
 13306 | D:10     | Found Namoax's Jewellery Shop.
 13321 | D:10     | Noticed a soul eater
 13376 | Lair:1   | Entered Level 1 of the Lair of Beasts
 13383 | Lair:1   | Reached skill level 14 in Conjurations
 13585 | Lair:1   | Noticed Erica
 13592 | Lair:1   | Killed Erica
 13811 | Lair:1   | Reached skill level 10 in Dodging
 13935 | Lair:1   | Reached skill level 1 in Evocations
 15046 | Lair:2   | Reached skill level 5 in Fighting
 15127 | Lair:2   | Reached XP level 12. HP: 59/68 MP: 12/20
 15283 | Lair:2   | Reached skill level 5 in Armour
 15829 | Lair:2   | Found a hole to the Spider Nest.
 16404 | Lair:2   | Identified Sif Muna's Essays on the Assassin
 16712 | Lair:3   | Noticed a boulder beetle
 16723 | Lair:3   | Killed a boulder beetle
 16724 | Lair:3   | Noticed a seven-headed hydra
 16726 | Lair:3   | Noticed a skyshark
 16735 | Lair:3   | Noticed Amaemon
 16747 | Lair:3   | Killed a seven-headed hydra
 16750 | Lair:3   | Killed Amaemon
 16990 | Lair:3   | Killed a skyshark
 17205 | Lair:3   | Noticed an eight-headed hydra
 17210 | Lair:3   | Killed an eight-headed hydra
 17738 | Lair:3   | Reached skill level 5 in Evocations
 17868 | Lair:3   | Found a staircase to the Swamp.
 18206 | D:10     | Reached XP level 13. HP: 54/79 MP: 17/21
 18502 | D:10     | Mangled by a soul eater

Illustrated notes

Levels and vault maps discovered:
D:1:      sevenhm_arrival_forest_fort_large_4, layout_basic
D:2:      layout_loops_ring, shapermc_ecumenical_altar_venn,
          nrook_mini_backslash, kennysheep_small_spiral, uniq_sigmund,
          uniq_natasha
D:3:      layout_basic, nicolae_ru_awakened_eye,
          gammafunk_temple_overflow_statue, serial_bayou_lagoon_b, uniq_grinder,
          uniq_crazy_yiuf_cottage
D:4:      wander_river, layout_basic, lemuel_crystal_altar, serial_shops, shop
D:5:      kennysheep_six_static_rooms, layout_basic,
          beargit_hepliaklqana_dungeon_heroes, nicolae_qazlal_general_emergency,
          serial_corexii_hall, chequers_hall_statues_wall_a,
          chequers_hall_statues_y, enter_ossuary_2, kennysheep_generic_room_7,
          uniq_eustachio
D:6:      layout_cave_pods, chei_slow_surprise, uniq_blork_the_orc, uniq_maggie,
          uniq_pikel
D:7:      layout_rooms, nzn_overflow_gifts_of_might_and_magic,
          nicolae_uskayaw_suspiria, minmay_temple_entry_arrows, uniq_joseph
D:8:      layout_basic, lair_entry_dummy, st_stairs_1
D:9:      layout_roguey, nemelex_diamond_rough_becter,
          minmay_orc_entry_temple_small
D:10:     layout_roguey, serial_shops, shop_statue, nicolae_shop_rolling_square,
          shop, shop, shop, serial_demonic, serial_demonic_f, serial_demonic_a,
          serial_demonic_a, serial_demonic_d, serial_demonic_e,
          serial_demonic_b, serial_demonic_a, serial_demonic_f,
          chequers_serial_rivers_micro_c, minmay_holes
Lair:1:   layout_small_grid, serial_bayou_shore_b, uniq_erica
Lair:2:   layout_misc_corridors, hellmonk_spider_entry_life_and_decay
Lair:3:   layout_gridlike, palyth_hydra_swamp_entry, serial_bayou_shore_a,
          uniq_amaemon

Skill      XL: |  1  2  3  4  5  6  7  8  9 10 11 12 |
---------------+-------------------------------------+-----
Fighting       | 1 2 3 4 5 8 |  8.6
Spellcasting   | 3 4 5 |  5.0
Conjurations   | 6 8 9 10 11 13 14 | 14.8
Hexes          | 1 2 |  2.0
Translocations | 1 2 |  2.0
Dodging        | 4 6 8 10 12 | 12.7
Air Magic      | 2 5 8 |  8.0
Ice Magic      | 1 3 |  3.0
Armour         | 3 4 5 |  5.0
Evocations     | 3 5 |  5.6
Stealth        | |  2.0

Action                     |  1- 3 |  4- 6 |  7- 9 | 10-12 | 13-15 || total
---------------------------+-------+-------+-------+-------+-------++-------
  Melee: Unarmed           |     3 |       |       |       |       ||     3
         Kick              |     3 |     8 |    20 |     4 |     3 ||    38
         Dagger            |     2 |    26 |    53 |       |       ||    81
         Peck              |       |     4 |    12 |     3 |     1 ||    20
         Spear             |       |       |     3 |    50 |    10 ||    63
   Cast: Magic Dart        |    44 |    41 |    75 |    72 |     9 ||   241
         Searing Ray       |     2 |     8 |    61 |   101 |     9 ||   181
         Fulminant Prism   |       |       |    14 |    10 |       ||    24
         Iskenderun's Myst |       |       |     8 |    28 |       ||    36
         Freezing Cloud    |       |       |     2 |    28 |     2 ||    32
 Invoke: Curse Item        |       |       |       |     3 |       ||     3
  Evoke: Wand              |       |       |       |     6 |       ||     6
    Use: Potion            |       |     1 |       |     1 |     3 ||     5
         Scroll            |       |     2 |     9 |     1 |       ||    12
   Stab: Sleeping          |       |       |     1 |     1 |       ||     2
 Armour: Robe              |       |    16 |    27 |     1 |       ||    44
         Leather armour    |       |       |       |    26 |     3 ||    29
  Dodge: Dodged            |     6 |    32 |    93 |   141 |    18 ||   290
